 Dungeon Crawl Stone Soup version 0.19-a0-1513-gf6d23ed (webtiles) character file.

12298 Amnesiac the Carver (level 12, 0/73 HPs)
             Began as a Halfling Fighter on Sept 12, 2016.
             Was a High Priest of Okawaru.
             Killed from afar by an ice dragon (24 damage)
             ... with a blast of cold
             ... in an ice cave.
             The game lasted 00:25:49 (12528 turns).

Amnesiac the Carver (Halfling Fighter)             Turns: 12528, Time: 00:25:50

Health: 0/73       AC: 15    Str: 17    XL:     12   Next: 18%
Magic:  11/12      EV: 11    Int:  6    God:    Okawaru [*****.]
Gold:   521        SH: 20    Dex: 19    Spells: 0 memorised, 11 levels left

rFire  . . .     SeeInvis .     b - +0 scimitar (flame)
rCold  + . .     Gourm    .     S - +0 troll leather armour
rNeg   + . .     Faith    .     c - +0 shield
rPois  .         Spirit   .     a - +0 hat of the Zebra {rC+ rN+}
rElec  .         Dismiss  .     H - +2 cloak {+Inv}
rCorr  .         Reflect  +     I - +0 pair of gloves
MR     +....     Harm     .     (no boots)
Stlth  +.........               s - +6 amulet of reflection
                                F - ring of protection from magic (curse)
                                v - +5 ring of protection

@: very slightly contaminated, invisible (expiring)
A: icy blue scales 1, mutation resistance 1
a: Heroism, Finesse, Renounce Religion, Turn Visible


You were in an ice cave.
You worshipped Okawaru.
Okawaru was extremely pleased with you.
You were not hungry.

You visited 2 branches of the dungeon, and saw 12 of its levels.
You also visited: Ice Cave.

You collected 745 gold pieces.
You spent 224 gold pieces at shops.

Inventory:

Hand Weapons
 b - a +0 scimitar of flaming (weapon)
 t - a +4 dagger of venom
 O - a +0 blowgun
Missiles
 i - a throwing net (quivered)
Armour
 a - the +0 hat of the Zebra (worn) {rC+ rN+}
   (Okawaru gifted it to you in an ice cave)

   It protects you from cold.
   It protects you from negative energy.
 c - a +0 shield (worn)
 p - a +2 robe of magic resistance
 H - a +2 cloak of invisibility (worn)
 I - a +0 pair of gloves (worn)
 S - a +0 troll leather armour (worn)
Jewellery
 s - a +6 amulet of reflection (around neck)
 v - a +5 ring of protection (left hand)
 F - a cursed ring of protection from magic (right hand)
 Q - an uncursed ring of fire
Wands
 j - a wand of hasting (8/9)
 k - a wand of polymorph (13/24)
 G - a wand of random effects (19/48)
 L - a wand of digging (15/24)
Scrolls
 e - 4 scrolls of teleportation
 g - 2 scrolls of recharging
 h - 4 scrolls of magic mapping
 n - 2 scrolls of fog
 y - 2 scrolls of immolation
 C - 3 scrolls of enchant weapon
 D - 5 scrolls of remove curse
 E - 9 scrolls of identify
Potions
 d - 3 potions of might
 l - 2 potions of ambrosia
 m - 2 potions of resistance
 q - 2 potions of haste
 r - 5 potions of curing
 z - 5 potions of brilliance
 A - a potion of lignification
 B - 2 potions of cure mutation
Books
 M - Sif Muna's Papyrus of Companions
   (You found it on level 9 of the Dungeon)

   Spells                             Type                      Level
   a - Summon Butterflies             Summoning                    1
Comestibles
 f - 11 bread rations
 o - 15 fruits
 u - 2 royal jellies
 w - 2 meat rations
 J - 8 beef jerkies
 K - 8 slices of pizza


   Skills:
 - Level 3.6 Fighting
 - Level 14.0 Long Blades
 - Level 3.2 Armour
 * Level 12.8 Shields


You had 11 spell levels left.
You didn't know any spells.

Dungeon Overview and Level Annotations

Branches:
Dungeon (11/15)            Temple (1/1) D:5            Lair (0/6) D:11
    Orc (0/2) D:9

Altars:
Ashenzari
Cheibriados
Dithmenos
Elyvilon
Fedhas
Gozag
Hepliaklqana
Kikubaaqudgha
Makhleb
Nemelex Xobeh
Okawaru
Qazlal
Ru
Sif Muna
Trog
Uskayaw
Vehumet
Xom
Yredelemnul
Zin
The Shining One

Shops:
D:5 ?   D:6 *


Innate Abilities, Weirdness & Mutations

You are small and have problems with some larger weapons.
You are somewhat resistant to further mutation.
You are partially covered in icy blue scales. (AC +2)


Message History

The ice dragon bites you. You block the ice dragon's attack.
The ice dragon tramples you.
You stumble backwards!
You hit the ice dragon but do no damage.
The ice dragon is almost dead.
You catch the helpless ice dragon completely off-guard!
You hit the ice dragon. You burn the ice dragon.
The ice dragon is almost dead.
You barely miss the ice dragon.
The ice dragon is almost dead.
You block the ice dragon's attack. The ice dragon completely misses you.
The ice dragon tramples you.
You stumble backwards!
You barely miss the ice dragon.
The ice dragon is almost dead.
You block the ice dragon's attack. The ice dragon closely misses you.
You block the ice dragon's attack.
You hit the ice dragon but do no damage.
The ice dragon is almost dead.
The ice dragon breathes frost at you. The blast of cold hits you! You resist.
You die...

##.# #..#...#
#..# ##.##..#
##.## #..#.##
#..## ###.###
##..## ##...#
##..# ##..###
##.## ##..##
#..## #.D##
###..## #.@#
#.....# #..#
##.....## #.##
##.......# ##.#
#........## #..#
##........###.##
##.........##..#
..............##
.............##


You could see an ice dragon.

Vanquished Creatures
  The ghost of rlgrobin the Cruncher, a journeyman NaGl of Hepliaklqana (IceCv)
  Erica (D:7)
  Pikel (D:6)
  Maurice (D:6)
  2 ice statues (IceCv)
  2 rime drakes (IceCv)
  A kobold demonologist (D:10)
  A troll (D:11)
  2 slime creatures
  Sigmund (D:6)
  6 yaks
  A human (D:7)
  A wraith (D:10)
  3 hogs
  A hungry ghost (D:10)
  Duvessa (D:7)
  8 orc warriors
  A swamp drake (D:9)
  3 sky beasts
  16 ice beasts
  5 ogres
  3 phantoms
  5 centaurs
  4 big kobolds
  Blork the orc (D:6)
  4 giant frogs
  4 scorpions
  Dowan (D:7)
  A wight (D:8)
  3 howler monkeys
  The ghost of slayr the Bolt Thrower, a weakling KoAM (D:3)
  A centaur zombie (D:10)
  A quasit (D:9)
  5 crimson imps
  A centaur skeleton (D:5)
  5 hounds
  Crazy Yiuf (D:6)
  2 giant frog zombies
  12 orc wizards
  4 orc priests
  A wasp zombie (D:11)
  A jelly (D:9)
  6 worker ants
  2 iguanas
  2 hound zombies
  2 hound skeletons
  A howler monkey zombie (D:6)
  A worker ant zombie (D:8)
  8 adders
  A shadow imp (D:5)
  3 oozes
  A worm (D:2)
  A dart slug (D:5)
  3 giant geckos
  41 orcs
  8 bats
  6 giant cockroaches
  12 hobgoblins
  4 jackals (D:11)
  25 kobolds
  A quokka (D:9)
  A ball python zombie (D:5)
  4 giant newts
  6 goblins
  7 rats
266 creatures vanquished.

Vanquished Creatures (others)
  A slave (D:6)
  An ogre (D:9)
  A centaur (D:7)
  A hound (D:6)
  A killer bee zombie (D:6)
  A hound zombie (D:6)
  3 orcs
  A kobold (D:10)
10 creatures vanquished.

Grand Total: 276 creatures vanquished

Notes
Turn   | Place    | Note
-------+----------+-------------------------------------------
     0 | D:1      | Amnesiac the Halfling Fighter began the quest for the Orb.
     0 | D:1      | Reached XP level 1. HP: 15/15 MP: 1/1
   148 | D:1      | Reached XP level 2. HP: 18/20 MP: 2/2
   540 | D:1      | Reached XP level 3. HP: 25/25 MP: 3/3
  1062 | D:3      | Reached XP level 4. HP: 23/30 MP: 4/4
  1121 | D:4      | Reached skill level 5 in Shields
  1322 | D:4      | Reached XP level 5. HP: 35/35 MP: 5/5
  1358 | D:4      | Reached skill level 3 in Long Blades
  1612 | D:4      | Noticed an ogre
  1637 | D:4      | Killed an ogre
  1637 | D:4      | Reached skill level 4 in Long Blades
  1637 | D:4      | Reached XP level 6. HP: 16/41 MP: 6/6
  2237 | D:5      | Entered Level 5 of the Dungeon
  2332 | D:5      | Reached skill level 5 in Long Blades
  2371 | D:5      | Reached XP level 7. HP: 41/45 MP: 7/7
  2557 | D:5      | Reached skill level 6 in Long Blades
  2628 | D:5      | Found a snail-covered altar of Cheibriados.
  2755 | D:5      | Found a shattered altar of Ashenzari.
  2764 | D:5      | Found a staircase to the Ecumenical Temple.
  2772 | Temple   | Entered the Ecumenical Temple
  2812 | Temple   | Became a worshipper of Warmaster Okawaru
  3056 | D:1      | Found a sparkling altar of Nemelex Xobeh.
  3474 | D:2      | Found a burning altar of Makhleb.
  3479 | D:2      | Reached skill level 7 in Long Blades
  3758 | D:2      | Found a shimmering altar of Xom.
  3761 | D:2      | Found a hazy altar of Hepliaklqana.
  3765 | D:2      | Noticed a spectral ugly thing
  4317 | D:3      | Found a bloodstained altar of Trog.
  4436 | D:3      | Reached XP level 8. HP: 51/51 MP: 8/8
  4599 | D:3      | Noticed slayr's ghost (weakling KoAM)
  4615 | D:3      | Killed slayr's ghost
  5001 | D:5      | Found Leqec's Magic Scroll Boutique.
  5004 | D:5      | Bought a scroll of identify for 28 gold pieces
  5010 | D:5      | Bought a scroll of identify for 28 gold pieces
  5010 | D:5      | Bought a scroll of identify for 28 gold pieces
  5010 | D:5      | Bought a scroll of identify for 28 gold pieces
  5010 | D:5      | Bought a scroll of identify for 28 gold pieces
  5010 | D:5      | Bought a scroll of remove curse for 42 gold pieces
  5010 | D:5      | Bought a scroll of teleportation for 42 gold pieces
  5075 | D:5      | Reached skill level 8 in Long Blades
  5268 | D:6      | Noticed Sigmund
  5287 | D:6      | Killed Sigmund
  5587 | D:6      | Noticed Pikel
  5611 | D:6      | Killed Pikel
  5611 | D:6      | Reached * piety under Okawaru
  5611 | D:6      | Reached skill level 10 in Long Blades
  5611 | D:6      | Reached XP level 9. HP: 55/55 MP: 9/9
  5733 | D:6      | Found a glowing silver altar of Zin.
  5844 | D:6      | Noticed Blork the orc
  5857 | D:6      | Killed Blork the orc
  6231 | D:6      | Reached ** piety under Okawaru
  6253 | D:6      | Reached skill level 11 in Long Blades
  6328 | D:6      | Found Meacoc's General Store.
  6409 | D:6      | Found a runed door.
  6489 | D:6      | Noticed Crazy Yiuf
  6502 | D:6      | Killed Crazy Yiuf
  6710 | D:7      | Noticed Dowan
  6712 | D:7      | Noticed Duvessa
  6741 | D:7      | Killed Dowan
  6762 | D:7      | Killed Duvessa
  6885 | D:7      | Reached skill level 12 in Long Blades
  6885 | D:7      | Reached XP level 10. HP: 50/61 MP: 10/10
  7424 | D:8      | Reached *** piety under Okawaru
  7441 | D:8      | Noticed Maurice
  7513 | D:8      | Reached skill level 13 in Long Blades
  7524 | D:8      | Noticed Erica
  7952 | D:6      | Killed Maurice
  8117 | D:7      | Killed Erica
  8768 | D:9      | Reached **** piety under Okawaru
  8995 | D:9      | Found a sacrificial altar of Ru.
  9075 | D:9      | Reached XP level 11. HP: 65/67 MP: 11/11
  9623 | D:9      | Found a staircase to the Orcish Mines.
  9657 | D:9      | Reached skill level 14 in Long Blades
 10410 | D:9      | Found an ancient bone altar of Kikubaaqudgha.
 10410 | D:9      | Found a radiant altar of Vehumet.
 10432 | D:9      | Found a deep blue altar of Sif Muna.
 10445 | D:9      | Identified Sif Muna's Papyrus of Companions
 10474 | D:10     | Entered Level 10 of the Dungeon
 10680 | D:10     | Found an iron altar of Okawaru.
 10979 | D:10     | Reached ***** piety under Okawaru
 10979 | D:10     | Reached skill level 10 in Shields
 11793 | D:11     | Found a staircase to the Lair.
 11855 | D:11     | Found a frozen archway.
 11861 | IceCv    | Entered an ice cave
 11874 | IceCv    | Received a gift from Okawaru
 12097 | IceCv    | Got a twisted hat {god gift}
 12103 | IceCv    | Identified the +0 hat of the Zebra {rC+ rN+} (Okawaru gifted it to you in an ice cave)
 12178 | IceCv    | Reached XP level 12. HP: 72/73 MP: 12/12
 12368 | IceCv    | Noticed rlgrobin's ghost (journeyman NaGl)
 12416 | IceCv    | Killed rlgrobin's ghost
 12487 | IceCv    | Noticed an ice dragon
 12490 | IceCv    | Gained mutation: You are partially covered in icy blue scales. (AC +2) [potion of mutation]
 12491 | IceCv    | Noticed an ice dragon
 12528 | IceCv    | Killed from afar by an ice dragon

Vault maps used:
D:1:      dpeg_arrival_solitude, nemelex_xobeh_ov_fountains_minmay
D:2:      regret_index_temple_of_mockery, makhleb_blood_cavern_becter,
          mrwooster_statue_mirror, kennysheep_generic_room_14
D:3:      marbit_many_paths, guppyfry_early_lair_pool
D:4:      first_bread
D:5:      lemuel_crystal_altar, overflow_temple_1_default, serial_shops, shop
D:6:      zin_statuary, serial_shops, shop, serial_glass, glass_columns_b,
          glass_columns_a, uniq_crazy_yiuf_cottage, uniq_blork_the_orc,
          uniq_sigmund, uniq_pikel
D:7:      grunt_livestock, uniq_duvessa
D:8:      kennysheep_generic_room_9, uniq_maurice, uniq_erica
D:9:      palyth_temple_overflow_mages, erik_orc_1, basic_altar,
          roderic_lattice_a
D:10:     serial_corexii_hall, corexii_hall_statues_deadend,
          corexii_hall_statues_i, okawaru_ov_weapons_minmay
D:11:     dpeg_lair_monsters, portal_ice_cave_entry_pillars_1,
          nicolae_trove_entry_free_sample
Temple:   chequers_temple_sunken
IceCv:    ice_cave_small_dragons

Skill      XL: |  1  2  3  4  5  6  7  8  9 10 11 |
---------------+----------------------------------+-----
Shields        | 4 5 7 12 | 12.8
Long Blades    | 4 5 7 10 12 13 14 | 14.0
Fighting       | 3 |  3.6
Armour         | |  3.2

Action                   |  1- 3 |  4- 6 |  7- 9 | 10-12 || total
-------------------------+-------+-------+-------+-------++-------
Melee: Long sword        |    23 |       |    30 |       ||    53
       Dagger            |    67 |    70 |   530 |   133 ||   800
       Scimitar          |       |       |       |   784 ||   784
 Abil: Evoke Invisibilit |       |       |       |     2 ||     2
  Use: Scroll            |       |       |    10 |    10 ||    20
       Potion            |       |       |     4 |     6 ||    10
 Stab: Invisible         |       |       |       |     6 ||     6
       Distracted        |       |       |       |     3 ||     3
       Sleeping          |       |       |       |     1 ||     1
  Eat: Chunk             |     1 |     2 |    13 |    22 ||    38
       Beef jerky        |       |       |     1 |       ||     1
       Royal jelly       |       |       |     1 |       ||     1
Armor: Scale mail        |    24 |    18 |    76 |    23 ||   141
       Robe              |       |       |       |    88 ||    88
       Skin              |       |       |       |    23 ||    23
       Troll leather arm |       |       |       |    30 ||    30
Dodge: Dodged            |    30 |    19 |    75 |   159 ||   283
Block: Shield            |    33 |    32 |   276 |   629 ||   970
       Reflection        |       |       |     4 |    32 ||    36
